[Event "Early-Titled-Tuesday-Blitz-March-05-2024"]
[Site "Chess.com"]
[Date "2024.03.05"]
[Round "2"]
[White "YurasovMat-2012"]
[Black "xamax2000"]
[Result "0-1"]
[WhiteElo "2608"]
[BlackElo "2951"]
[TimeControl "180+1"]
[EndTime "8:19:05 PST"]
[Termination "xamax2000 won by resignation"]

1. e4 e5 2. Nf3 Nc6 3. Bc4 Nf6 4. d3 Bc5 5. c3 d6 6. h3 a5 7. a4 O-O 8. O-O Be6 9. Nbd2 h6 10. Re1 Ba7 11.
Bb5 Ne7 12. Nf1 c6 13. Bc4 Ng6 14. Ng3 d5 15. exd5 cxd5 16. Ba2 Qd6 17. Be3 Bxe3 18. Rxe3 Rfe8 19. Qd2 Bd7 20. Rae1 Bxa4 21. Qe2 Qd7 22. Qd2 Qc7 23. Bb1 Re6 24. Nf5 Rae8 25. R3e2 Bd7 26. Ba2 Bc6 27. Rd1 b6 28. Ree1 Bb7 29. c4 Qd7 30. cxd5 Nxd5 31. d4 e4 32. Ne5 Nxe5 33. dxe5 Rxe5 34. Ne3 Rd8 35. Qd4 Rg5 36. Nxd5 Bxd5 37. Qxb6 e3 38. Bxd5 exf2+ 39. Qxf2 Rxd5 40.
Rxd5 Qxd5 41. Qg3 Qd4+ 42. Kh2 Qxb2 43. Qc7 Qb8 44. Qxb8 Rxb8 45. Ra1 Ra8 46. Ra4 Kf8 47. Kg3 Ke7 48. Kf4 Kd6 49. Ke4 Kc5 50. Kd3 Kb5 51. Ra1 a4 52. Kc3 a3 53. Rb1+ Kc5 54. Rc1 Kd5 55.
Rd1+ Ke4 56. Re1+ Kf4 57. Re7 a2 58. Rxf7+ Kg3 59. Rf1 a1=Q+ 60. Rxa1 Rxa1 0-1

[Event "Early-Titled-Tuesday-Blitz-March-05-2024"]
[Site "Chess.com"]
[Date "2024.03.05"]
[Round "2"]
[White "rikchessmx"]
[Black "KetiTsatsalashvili"]
[Result "1-0"]
[WhiteElo "2280"]
[BlackElo "2488"]
[TimeControl "180+1"]
[EndTime "8:19:05 PST"]
[Termination "rikchessmx won by resignation"]

1. e4 c5 2. Nf3 d6 3. d4 cxd4 4. Nxd4 Nf6 5. Nc3 Nc6 6. Bc4 e6 7. f3 a6 8. Be3 Qc7 9. Bb3 Be7 10. Qd2 b5 11. a3 Ne5 12. Qe2 Nc4 13. Ncxb5 axb5 14. Nxb5 Qb8 15. Qxc4 O-O 16. Qc7 Qxb5 17. Qxe7 Ba6 18.
O-O-O d5 19. Bd4 Rfc8 20. Qb4 Qxb4 21. axb4 dxe4 22. Bxf6 gxf6 23. fxe4 Be2 24. Rde1 Rd8 25. Kb1 Rd2 26. h3 Bb5 27. g4 Rd4 28. c3 Rd2 29.
Bc2 Ba4 30. b3 Bc6 31. Kc1 Rf2 32. Rhf1 Rh2 33. Rh1 Rg2 34. Reg1 Rf2 35. Rf1 Re2 36. Re1 Ra1+ 37. Bb1 Rg2 38. Rhg1 Rxg1 39. Rxg1 Bxe4 40. Kb2 Bxb1 41. Rxb1 Rxb1+ 42. Kxb1 Kf8 43. b5 Ke7 44. c4 Kd6 45. b4 Kc7 46. Kc2 Kb6 47. Kd3 e5 48. Ke4 h6 49. h4 Kb7 50. c5 Kc7 51.
b6+ Kc6 52. b5+ Kb7 53. Kd5 Kc8 54. c6 Kb8 55. b7 Kc7 56. b6+ Kb8 57. Kd6 e4 58.
Kd7 e3 59. c7+ Kxb7 60. c8=Q+ Kxb6 61. Qe8 e2 62. Qxe2 1-0

[Event "Early-Titled-Tuesday-Blitz-March-05-2024"]
[Site "Chess.com"]
[Date "2024.03.05"]
[Round "2"]
[White "Hope_6"]
[Black "Predator0608"]
[Result "1-0"]
[WhiteElo "2824"]
[BlackElo "2555"]
[TimeControl "180+1"]
[EndTime "8:19:06 PST"]
[Termination "Hope_6 won by resignation"]

1. e4 c5 2. Nf3 d6 3. d4 cxd4 4.
Nxd4 Nf6 5. Nc3 a6 6. Be3 e5 7.
Nb3 Be6 8. f3 Be7 9. Qd2 h5 10.
Nd5 Nxd5 11. exd5 Bf5 12. c4 a5 13. Rc1 b6 14. Be2 Nd7 15. O-O O-O 16. Na1 Bg6 17. Nc2 f5 18. f4 Nf6 19. Na3 Ne4 20. Qd1 h4 21. Nb5 Bf6 22. Rc2 Be8 23. fxe5 Bxe5 24. Nd4 Bxd4 25. Qxd4 Nc5 26. Qf4 Bg6 27. Bd4 Re8 28.
Bf3 Qe7 29. Re2 Ne4 30. Bxb6 Bh7 31. Bxe4 fxe4 32. Qe3 a4 33. Bd4 Rf8 34. Ref2 Rxf2 35. Rxf2 Rc8 36. b3 Rb8 37. h3 axb3 38. axb3 Rb7 39.
Kh2 Bg6 40. Rf4 Rb8 41. Rg4 Kh7 42. Qf4 Rxb3 43. Rxh4+ Kg8 44. Rg4 Kh7 45. Rg3 Rxg3 46. Qxg3 Qc7 47. c5 Qe7 48. cxd6 Qd7 49. Qe5 Kg8 50.
Qe6+ Qf7 51. d7 1-0

[Event "Early-Titled-Tuesday-Blitz-March-05-2024"]
[Site "Chess.com"]
[Date "2024.03.05"]
[Round "2"]
[White "mbchess97"]
[Black "NowInChess"]
[Result "1-0"]
[WhiteElo "2496"]
[BlackElo "2258"]
[TimeControl "180+1"]
[EndTime "8:19:06 PST"]
[Termination "mbchess97 won by resignation"]

1. c4 e5 2. g3 d6 3. Bg2 g6 4.
Nc3 Bg7 5. h4 h6 6. e3 f5 7. d4 e4 8. Nge2 Nf6 9. Nf4 Kf7 10.
Qb3 c6 11. Bd2 Na6 12. f3 exf3 13. Bxf3 Re8 14. O-O-O Nc7 15. Rde1 Ne6 16. Nd3 Kg8 17. d5 cxd5 18. cxd5 Nc5 19. Nxc5 dxc5 20. e4 fxe4 21. Nxe4 c4 22. Nxf6+ Qxf6 23. Qc3 Bf5 24. Qxf6 Bxf6 25. Bxh6 c3 26. b3 Be7 27. Rxe7 Rxe7 28. Bg5 Rd7 29.
g4 Bd3 30. Rd1 Bb5 31. d6 Rf8 32. Bd5+ Kg7 33. Be7 Rf2 34. Be6 Rxa2 35. Bxd7 Bxd7 36. Rd3 c2 37. Rc3 Bxg4 38. Rxc2 Rxc2+ 39. Kxc2 Kf7 40. Kc3 Ke6 41. Kd4 Kd7 42. Ke5 a6 43. Kf6 Bh5 44. Kg5 Kc6 45. Kf6 Kd7 46. Kg5 b5 47. Kf4 a5 48. Ke5 a4 49. bxa4 bxa4 50. Kd4 a3 51. Kc3 Be2 52. Kb3 a2 53. Kxa2 Bc4+ 54. Kb2 Bf7 55.
Kc3 Ke6 56. Kd4 Be8 57. Kc5 Bd7 58. Kb6 Be8 59. Kc7 Bd7 60. Kd8 Be8 61. Kxe8 1-0

[Event "Early-Titled-Tuesday-Blitz-March-05-2024"]
[Site "Chess.com"]
[Date "2024.03.05"]
[Round "2"]
[White "Ralf61"]
[Black "RobertoJBM"]
[Result "0-1"]
[WhiteElo "2569"]
[BlackElo "2854"]
[TimeControl "180+1"]
[EndTime "8:19:08 PST"]
[Termination "RobertoJBM won on time"]

1. Nf3 d5 2. c4 c6 3. d4 Nf6 4. e3 Bf5 5. Nc3 e6 6. Nh4 Be4 7. f3 Bg6 8. g3 Nbd7 9. Bd2 Be7 10. Nxg6 hxg6 11. Qe2 Bd6 12. g4 dxc4 13. Qxc4 Nd5 14.
O-O-O Qc7 15. f4 O-O-O 16. Kb1 Kb8 17. Bg2 Rc8 18. h3 N7b6 19. Qb3 Qe7 20. Ne4 Bb4 21. Bxb4 Qxb4 22. Qxb4 Nxb4 23. Ng5 Rc7 24. e4 Nc4 25. Rhe1 Rd8 26. Bf1 Nd6 27. a3 Na6 28. Bxa6 bxa6 29. Nf3 Nb5 30. a4 Nd6 31. Rc1 Rdc8 32. Re3 c5 33. e5 Nb7 34. Rd3 Rd8 35. Rdc3 Rdc8 36. dxc5 Nxc5 37. b3 Ne4 38. Rxc7 Rxc7 39. Rxc7 Kxc7 40.
Kc2 Kc6 41. Ne1 Kd5 42. Nf3 Nf2 43. Ng5 f6 44. exf6 gxf6 45. Nh7 f5 46. gxf5 exf5 47. h4 Nh3 48. Nf8 Nxf4 49. Kd2 Ke4 50. Nd7 Kd4 51.
Nf8 a5 52. Nd7 Kd5 0-1

[Event "Early-Titled-Tuesday-Blitz-March-05-2024"]
[Site "Chess.com"]
[Date "2024.03.05"]
[Round "2"]
[White "Happy1712Drummer"]
[Black "LangesNasenhaar"]
[Result "0-1"]
[WhiteElo "2319"]
[BlackElo "2527"]
[TimeControl "180+1"]
[EndTime "8:19:08 PST"]
[Termination "LangesNasenhaar won on time"]

1. e4 g6 2. d4 Bg7 3. Nf3 c6 4. Nc3 d5 5. e5 f6 6. Bf4 Bg4 7.
h3 Bxf3 8. Qxf3 fxe5 9. dxe5 e6 10. Bd3 Ne7 11. Bg5 Nd7 12. O-O-O Nxe5 13. Qe2 O-O 14.
h4 h6 15. Bd2 Nxd3+ 16. Qxd3 e5 17. h5 g5 18. Qh3 Qc8 19. Qe3 d4 20. Qd3 dxc3 21.
Bxc3 Qf5 22. Qd6 Nd5 23. Bd2 Rad8 24. Qa3 b6 25. f3 a5 26. Rhe1 Rfe8 27. g4 Qf7 28.
Qa4 b5 29. Qe4 Nf6 30. Qxc6 Qxa2 31. c3 Qc4 32. Qa6 a4 33. Be3 Nd5 34. Bb6 Nb4 35.
Rxd8 Rxd8 36. Qb7 Nd3+ 37. Kb1 Nxe1 38. Bxd8 Qd3+ 39. Ka2 Qxd8 40. Qxb5 Qe7 41. Qb8+ Kh7 42. Qb6 Qf7+ 43. Kb1 Nxf3 44. Qe3 Kg8 45. Qe4 Qf4 46. Qa8+ Kh7 47. Qc6 Nh4 48. Ka2 e4 49. Qd5 e3 50.
Qd3+ Kg8 51. Qd8+ Qf8 0-1

[Event "Early-Titled-Tuesday-Blitz-March-05-2024"]
[Site "Chess.com"]
[Date "2024.03.05"]
[Round "2"]
[White "IngOscarArdila"]
[Black "mortngabriel"]
[Result "0-1"]
[WhiteElo "2329"]
[BlackElo "2531"]
[TimeControl "180+1"]
[EndTime "8:19:09 PST"]
[Termination "mortngabriel won on time"]

1. d4 Nf6 2. c4 c5 3. dxc5 e6 4.
Nf3 Na6 5. e3 Nxc5 6. Be2 b6 7.
O-O Bb7 8. Nc3 Be7 9. b3 O-O 10.
Bb2 a6 11. Qc2 Qc7 12. Rfd1 Rfd8 13. h3 Rac8 14. Rac1 Qb8 15. Qb1 Qa8 16. Qa1 d6 17.
b4 Nce4 18. Nxe4 Bxe4 19. Bd4 Qb7 20. a3 b5 21. cxb5 axb5 22. a4 bxa4 23. Qxa4 Ra8 24.
Qb3 Nd5 25. Nd2 Bg6 26. Bf3 Rdb8 27. Bxd5 exd5 28. Qb2 Qxb4 29. Qxb4 Rxb4 30. Rc7 Bf8 31. Nf3 Rab8 32. Ra1 Rb1+ 33. Rxb1 Rxb1+ 34. Kh2 Rb8 35. Kg3 Rd8 36. Ra7 Be4 37. Bb6 Re8 38. Nd4 Be7 39.
Rd7 Bd3 40. Bc7 g6 41. Bxd6 Rd8 42. Rxd8+ Bxd8 43. Be5 Bc4 44. Kf4 Bb6 45. g4 Ba5 46. g5 Be1 47. f3 Bf2 48. Bf6 Bg1 49. Be5 Bh2+ 50. Kg4 Bxe5 51. Nc6 Bd6 52. f4 Be2+ 0-1

[Event "Early-Titled-Tuesday-Blitz-March-05-2024"]
[Site "Chess.com"]
[Date "2024.03.05"]
[Round "2"]
[White "ajeale2"]
[Black "publicaccountcze"]
[Result "1-0"]
[WhiteElo "2482"]
[BlackElo "2221"]
[TimeControl "180+1"]
[EndTime "8:19:09 PST"]
[Termination "ajeale2 won on time"]

1. e4 c5 2. Nc3 e6 3. g3 Qc7 4.
Bg2 a6 5. a4 b6 6. Nge2 Bb7 7.
O-O Nc6 8. Re1 O-O-O 9. d3 Nf6 10. Bf4 Bd6 11. Bxd6 Qxd6 12. Qd2 Nd4 13. Nxd4 cxd4 14. e5 dxc3 15. bxc3 Qc7 16. Bxb7+ Kxb7 17. exf6 gxf6 18. Re4 d5 19. Rf4 f5 20. Rb1 h5 21. h4 Rd7 22.
Qe3 Ka7 23. a5 Rb8 24. Rfb4 Rd6 25. Qf4 Qc5 26. axb6+ Rbxb6 27. Rxb6 Rxb6 28. Rxb6 Kxb6 29. Qb8+ Ka5 30. Qd8+ Ka4 31. Qd7+ Ka3 32. Qxf7 Qxc3 33. Qxe6 Qxc2 34. Qxa6+ Kb3 35. Qb5+ Kc3 36. Qc5+ Kxd3 37.
Qxd5+ Ke2 38. Qe5+ Kf3 39. Qf4+ Ke2 40. Qe3+ Kd1 41.
Kf1 Qc4+ 42. Kg1 Qc2 43. Qf3+ Kc1 44. Qxh5 Qe4 45. Qg5+ Kd1 46. Qe3 Qg4 47. Kg2 Kc2 48.
Qf3 Qg8 49. Qxf5+ Kc3 50. h5 Kc4 51. h6 Qa8+ 52. Qf3 Qh8 53. Qe4+ Kc3 54. h7 Kd2 55. f4 Kd1 56. Qd5+ Ke2 57. Qe5+ Qxe5 58. fxe5 1-0

[Event "Early-Titled-Tuesday-Blitz-March-05-2024"]
[Site "Chess.com"]
[Date "2024.03.05"]
[Round "2"]
[White "Dacean99"]
[Black "baki83"]
[Result "1-0"]
[WhiteElo "2569"]
[BlackElo "2808"]
[TimeControl "180+1"]
[EndTime "8:19:10 PST"]
[Termination "Dacean99 won on time"]

1. e4 c5 2. c3 e5 3. Nf3 Nc6 4. Bc4 Nf6 5. Ng5 d5 6. exd5 Nxd5 7. Qf3 Qxg5 8. Bxd5 Nd8 9. O-O Qf5 10. Re1 Bd6 11.
d4 Qxf3 12. Bxf3 f6 13. dxe5 Bxe5 14. Bf4 Nf7 15. Na3 O-O 16. Bxe5 Nxe5 17. Bd5+ Kh8 18. Nc4 Nxc4 19. Bxc4 Bd7 20. Rad1 Bc6 21. Bd5 Rfe8 22. Bxc6 bxc6 23. Kf1 h5 24. Rd7 Rxe1+ 25. Kxe1 Rb8 26. b3 a5 27. Ra7 c4 28. Rxa5 cxb3 29. Rxh5+ Kg8 30.
axb3 Rxb3 31. Rc5 Rb6 32. Ke2 Kf7 33. h4 Ke6 34. Rc4 f5 35. Ke3 Kd5 36. Rd4+ Ke6 37. h5 Rb3 38. Rc4 Kd5 39. Rd4+ Ke6 40. Kd3 Rb2 41.
Rf4 Ke5 42. Rf3 f4 43. g3 fxg3 44. fxg3 Rg2 45. Kc4 Kd6 46. Rd3+ Kc7 47. Kc5 Re2 48. g4 Re5+ 49. Kc4 Rg5 50. Rd4 Kb6 51. Rf4 Kc7 52. Kd3 Kd6 53. Ke3 Ke6 54. Kf3 Rc5 55. c4 Ra5 56. Kg3 g5 57. Re4+ 1-0

[Event "Early-Titled-Tuesday-Blitz-March-05-2024"]
[Site "Chess.com"]
[Date "2024.03.05"]
[Round "2"]
[White "SidArun"]
[Black "DishonorOnYourCow"]
[Result "0-1"]
[WhiteElo "2340"]
[BlackElo "2570"]
[TimeControl "180+1"]
[EndTime "8:19:10 PST"]
[Termination "DishonorOnYourCow won by resignation"]

1. d4 Nf6 2. Nc3 g6 3. Bf4 d5 4. e3 Bg7 5. Nb5 Na6 6. h3 O-O 7. Nf3 c6 8. Nc3 b5 9. a4 b4 10. Na2 Nd7 11. Bxa6 Bxa6 12. Nxb4 Qb6 13. Nxa6 Qxa6 14.
Qd3 Qb7 15. O-O c5 16. Rfb1 c4 17. Qe2 a5 18. c3 Qc6 19. Nd2 Nb6 20. Qd1 f6 21. b3 e5 22. Bh2 Rfc8 23. bxc4 Nxc4 24. Nxc4 Qxc4 25. Qb3 Ra7 26. Qb5 e4 27. Qxc4 Rxc4 28. Rb5 Rxc3 29. Rxd5 f5 30. g4 fxg4 31. hxg4 Bf8 32.
Be5 Bb4 33. Kg2 Kf7 34. Rh1 Ke6 35. Rb5 Ra3 36. Rc1 Rxa4 37. Rc6+ Kd7 38. Rf6 Ke7 39. g5 Ra2 40. Rb8 Be1 41. Rbf8 Rd7 42. R6f7+ Ke6 43. Rf6+ Ke7 44. R6f7+ Ke6 45. Rxd7 Kxd7 46. Rf7+ Kc6 47. Rf6+ Kd5 48. Rd6+ Kc4 49. Bg3 a4 50. Rc6+ Kd5 51. Rc5+ Ke6 52. Re5+ Kd7 53. Rxe4 a3 54. d5 Rd2 55.
Ra4 a2 56. d6 Rc2 57. Ra7+ Kd8 58. d7 Bc3 59. Bd6 a1=Q 60. Ra8+ Kxd7 61. Rxa1 Bxa1 0-1

[Event "Early-Titled-Tuesday-Blitz-March-05-2024"]
[Site "Chess.com"]
[Date "2024.03.05"]
[Round "2"]
[White "HanSchut"]
[Black "Boorchess"]
[Result "0-1"]
[WhiteElo "2302"]
[BlackElo "2515"]
[TimeControl "180+1"]
[EndTime "8:19:10 PST"]
[Termination "Boorchess won on time"]

1. e4 e5 2. Nf3 Nf6 3. Bc4 Nxe4 4.
Nc3 Nxc3 5. dxc3 f6 6. Nh4 g6 7. f4 d6 8. f5 c6 9. fxg6 d5 10. Qh5 Kd7 11. Be3 Kc7 12. O-O-O Qe8 13. Be2 Be7 14.
g7 Qxh5 15. gxh8=Q Qxe2 16. Rde1 Qh5 17. g3 Qf7 18. Bh6 Be6 19. Qg7 Qxg7 20. Bxg7 Nd7 21. Rhf1 Rg8 22. Bh6 c5 23. Nf5 Bxf5 24. Rxf5 b5 25.
Rd1 Kc6 26. Be3 d4 27. cxd4 cxd4 28. Bd2 Nc5 29. c3 d3 30. b4 Ne6 31. Rf3 e4 32. Re3 f5 33. Ree1 Rf8 34. Bf4 Bg5 35. Rg1 Nxf4 36.
gxf4 Bxf4+ 37. Kb2 Bxh2 38. Rg7 Be5 39. Rxh7 Rg8 40.
Rh6+ Kd5 41. Rf1 e3 42. Rxf5 Ke4 43. Rhh5 Bf4 44. Rxb5 d2 45. Rhd5 e2 46. Rd4+ Ke3 47. Rbd5 d1=Q 48. Rxd1 exd1=Q 49. Rxd1 Rg2+ 50. Kb3 Be5 51.
Re1+ Kf4 52. Rc1 Rg3 53. a4 Ke4 54. b5 Bd6 55. Rd1 Be5 56. Rc1 Rd3 57. Re1+ Kd5 58. Rc1 Re3 59. Kb4 Bd6+ 60. Kb3 Kc5 61. Rc2 Be5 0-1

[Event "Early-Titled-Tuesday-Blitz-March-05-2024"]
[Site "Chess.com"]
[Date "2024.03.05"]
[Round "2"]
[White "Antipov_Mikhail_Al"]
[Black "ninguno46"]
[Result "1-0"]
[WhiteElo "2939"]
[BlackElo "2526"]
[TimeControl "180+1"]
[EndTime "8:19:11 PST"]
[Termination "Antipov_Mikhail_Al won on time"]

1. e4 c5 2. Nf3 Nc6 3. Bb5 d6 4. O-O Bd7 5. Re1 Nf6 6. h3 e6 7. c3 Be7 8. d4 cxd4 9. cxd4 d5 10. e5 Ne4 11. Bd3 Nb4 12. Bxe4 dxe4 13. Rxe4 Bc6 14.
Re3 Nd5 15. Re1 O-O 16. Nbd2 Nb4 17. Ne4 Bxe4 18. Rxe4 Rc8 19. Bd2 Nd5 20. Qb3 b6 21. Ree1 Qd7 22. Rac1 h6 23. Rxc8 Rxc8 24. Rc1 Rxc1+ 25.
Bxc1 Qc6 26. Bd2 a5 27. a3 a4 28. Qd3 b5 29. Ne1 b4 30. axb4 Bxb4 31. Nc2 Bxd2 32.
Qxd2 Qb5 33. Ne3 Nxe3 34. fxe3 Qb3 35. Kh2 a3 36. bxa3 Qxa3 37. Kg3 Qb3 38. Kf2 g5 39. Qa5 Qc2+ 40. Kg3 Qd3 41. Qa8+ Kg7 42. Qf3 Qd2 43. h4 Qe1+ 44. Qf2 gxh4+ 45. Kf3 Qd1+ 46. Qe2 Qh1 47. Kg4 h3 48. gxh3 Qg1+ 49. Kf3 Qb1 50. Kf4 Qf5+ 51.
Kg3 Qb1 52. h4 Qg1+ 53. Kf4 Qb1 54. Qf3 Qf5+ 55. Kg3 Qb1 56. Qg2 Kh7 57. Qf3 Qg6+ 58. Qg4 Qb1 59. Kf4 Qf1+ 60. Qf3 Qc1 61. Qg2 1-0

[Event "Early-Titled-Tuesday-Blitz-March-05-2024"]
[Site "Chess.com"]
[Date "2024.03.05"]
[Round "2"]
[White "Hui_Li_Macau"]
[Black "IMRosen"]
[Result "0-1"]
[WhiteElo "2390"]
[BlackElo "2669"]
[TimeControl "180+1"]
[EndTime "8:19:11 PST"]
[Termination "IMRosen won on time"]

1. e4 e5 2. Nf3 Nf6 3. Nxe5 Nc6 4. Nxc6 dxc6 5. d3 Bc5 6. Be2 h5 7. c3 Ng4 8. d4 Qh4 9. Bxg4 Bxg4 10. Qd3 O-O-O 11.
Qg3 Qxg3 12. hxg3 Bb6 13. Be3 Rhe8 14. f3 Be6 15. Kf2 g6 16. Nd2 a5 17. Nb3 Bc4 18.
Rhd1 Rd7 19. Nc5 Bxc5 20. dxc5 a4 21. a3 Bb3 22. Rd4 Rde7 23. Re1 b6 24. Rd2 Kb7 25. Bg5 Re5 26. Be3 R8e7 27. cxb6 cxb6 28. Rd6 Rb5 29.
Bc1 Kc7 30. Rd4 f6 31. Bf4+ Kb7 32. Re2 g5 33. Bc1 Kc7 34. Rb4 Rbe5 35. Rd4 R5e6 36. Re1 Rh7 37. e5 c5 38. Rd6 Rxd6 39. exd6+ Kxd6 40. Be3 Kc6 41. Re2 Re7 42. Bc1 Rd7 43. Rd2 Rh7 44.
Re2 Bd5 45. Be3 Rd7 46. Rd2 Re7 47. Rd1 Bb3 48. Rd2 Rf7 49. Rd1 Bc4 50. Rd2 Bb3 0-1

[Event "Early-Titled-Tuesday-Blitz-March-05-2024"]
[Site "Chess.com"]
[Date "2024.03.05"]
[Round "2"]
[White "Shushik"]
[Black "SchmakAttack"]
[Result "1/2-1/2"]
[WhiteElo "2548"]
[BlackElo "2802"]
[TimeControl "180+1"]
[EndTime "8:19:12 PST"]
[Termination "Game drawn by repetition"]

1. e4 c5 2. Nf3 d6 3. d4 cxd4 4. Nxd4 Nf6 5. f3 g6 6. c4 Bg7 7. Nc3 Nc6 8. Be3 O-O 9. Be2 Nxd4 10. Bxd4 Be6 11. Qd2 Qa5 12. Rc1 Rfc8 13. b3 a6 14. O-O b5 15. cxb5 axb5 16. Rfd1 b4 17. Na4 Nd7 18. Bxg7 Kxg7 19. Rxc8 Rxc8 20. Rc1 Rxc1+ 21. Qxc1 Qa7+ 22. Kf1 Qd4 23. Qb2 Qxb2 24. Nxb2 Nc5 25. Nd3 Nxd3 26. Bxd3 Kf6 27. Kf2 Ke5 28. Ke3 d5 29. f4+ Kd6 30. Kd4 dxe4 31. Bxe4 f6 32. Bf3 Bf7 33. g3 e5+ 34. fxe5+ fxe5+ 35. Kd3 Be6 36. Be2 Bd5 37. Ke3 g5 38. Bd3 h6 39.
Bf5 Kc5 40. Kd3 Bc6 41. Bg6 Bd5 42. Bf5 Kd6 43. Bg6 Be6 44. Ke4 Bd7 45. Bf7 Bh3 46. Kd3 Kc5 47. Ke4 Kd6 48. Kd3 Bf1+ 49. Ke4 Be2 50. Ke3 Bd1 51. Bg6 Bg4 52. Ke4 Be6 53. Ke3 Kd5 54. Be4+ Kc5 55. Bg6 Bd5 56. Kd3 Bc6 57.
Ke3 Kd6 58. Kd3 Ke6 59. Ke3 Kd6 60. Kd3 Kc5 61. Ke3 Bd5 62. Kd3 Bc6 1/2-1/2

[Event "Early-Titled-Tuesday-Blitz-March-05-2024"]
[Site "Chess.com"]
[Date "2024.03.05"]
[Round "2"]
[White "Chessdreamer2001"]
[Black "CarlosjPineror"]
[Result "0-1"]
[WhiteElo "2497"]
[BlackElo "2717"]
[TimeControl "180+1"]
[EndTime "8:19:13 PST"]
[Termination "CarlosjPineror won on time"]

1. e4 c5 2. Nf3 e6 3. d4 cxd4 4. Nxd4 a6 5. Bd3 Qc7 6. c4 Nf6 7. Nc3 Be7 8. O-O d6 9. Be3 Nbd7 10. Rc1 b6 11. f4 Bb7 12. Kh1 Rc8 13. b3 Qb8 14.
Bb1 Qa8 15. Qf3 Nc5 16. Qg3 Ncxe4 17. Nxe4 Bxe4 18. f5 e5 19. Nf3 Bxb1 20. Rxb1 Qc6 21. Qxg7 Rg8 22. Qh6 Qe4 23. Bxb6 Qxf5 24. Rbe1 Qg4 25.
Re2 Rg6 26. Qd2 Kf8 27. c5 Ne4 28. Qd3 Nxc5 29. Bxc5 Rxc5 30. Qxa6 Kg7 31. b4 Rc3 32. a3 Bf6 33. Qxd6 e4 34. Ng1 Rxa3 35. b5 Rb3 36.
Qd5 Qe6 37. Qxe6 fxe6 38. Rxe4 Rxb5 39. Rxe6 Rb2 40. Re2 Rb3 41. Nf3 h5 42. h3 Bd8 43.
Ne5 Re6 44. Rf7+ Kg8 45. Rd7 Bf6 46. Rd5 Rb1+ 47. Kh2 h4 48. Re4 Rb8 49. Rg4+ Kf8 0-1

[Event "Early-Titled-Tuesday-Blitz-March-05-2024"]
[Site "Chess.com"]
[Date "2024.03.05"]
[Round "2"]
[White "Orujov2008"]
[Black "effefe"]
[Result "0-1"]
[WhiteElo "2735"]
[BlackElo "2421"]
[TimeControl "180+1"]
[EndTime "8:19:13 PST"]
[Termination "effefe won on time"]

1. e4 c5 2. Nf3 d6 3. d4 cxd4 4. Nxd4 Nf6 5. Nc3 g6 6. Be3 Bg7 7. f3 O-O 8. Qd2 Nc6 9. O-O-O d5 10. exd5 Nxd5 11. Nxc6 bxc6 12. Bd4 e5 13. Bc5 Be6 14. Ne4 Re8 15. h4 Qc7 16. Bc4 Rad8 17. Qf2 Nf4 18.
Bxe6 Nxe6 19. h5 Nxc5 20. Qxc5 Qb6 21. hxg6 hxg6 22. Rxd8 Rxd8 23. Qe7 Qe3+ 24. Kb1 Qd4 25. a3 Rb8 26. b4 Qd8 27. Qc5 a5 28. Kb2 axb4 29.
axb4 Qd4+ 30. Qxd4 exd4 31. Ka3 f5 32. Nc5 Bf8 33.
Nd3 Bg7 34. Kb3 Kf7 35. Kc4 Ra8 36. Kc5 Ra2 37. Rc1 Bh6 38. Rb1 Rxc2+ 39. Kxd4 Bg7+ 40. Ne5+ Ke6 41. f4 Rxg2 42. Rc1 Bxe5+ 43. fxe5 Kd7 44. Ra1 Rd2+ 45. Kc4 Re2 46. Ra7+ Ke6 47. Rg7 g5 0-1

[Event "Early-Titled-Tuesday-Blitz-March-05-2024"]
[Site "Chess.com"]
[Date "2024.03.05"]
[Round "2"]
[White "verrbaa"]
[Black "Kapitan_Bayan"]
[Result "1-0"]
[WhiteElo "2510"]
[BlackElo "2286"]
[TimeControl "180+1"]
[EndTime "8:19:13 PST"]
[Termination "verrbaa won on time"]

1. e4 c5 2. Nf3 d6 3. d4 cxd4 4.
Nxd4 Nf6 5. Nc3 a6 6. Be2 e5 7. Nf3 Be6 8. Ng5 Be7 9. O-O h6 10. Nxe6 fxe6 11. Bh5+ Kd7 12. f4 Qb6+ 13. Kh1 Nc6 14.
fxe5 Nxe5 15. Bf4 Kc7 16. a4 Rad8 17. a5 Qc6 18. Bf3 g5 19. Be3 g4 20. Bb6+ Kc8 21.
Be2 Nxe4 22. Nxe4 Qxe4 23. Bxd8 Rxd8 24. Ra3 d5 25. Bd3 Nxd3 26. cxd3 Qe5 27. Rc3+ Kb8 28. Qxg4 Bd6 29. g3 d4 30. Rcc1 Qxa5 31. Rf2 Qd5+ 32.
Kg1 e5 33. Qg6 Rg8 34. Qf7 Qxf7 35. Rxf7 h5 36. Kf2 h4 37. gxh4 Rh8 38. Rg1 Rxh4 39.
Rd7 Bc5 40. Rgg7 Rxh2+ 41. Kg3 Rxb2 42. Rg8+ Ka7 43. Kf3 Rb3 44. Ke4 Bb6 45. Rgg7 Bc5 46.
Rg5 Rb2 47. Rxe5 Re2+ 48. Kd5 Rxe5+ 49. Kxe5 Bb4 50. Kxd4 a5 51. Kc4 1-0

[Event "Early-Titled-Tuesday-Blitz-March-05-2024"]
[Site "Chess.com"]
[Date "2024.03.05"]
[Round "2"]
[White "GMKrikor"]
[Black "jaskol95"]
[Result "1-0"]
[WhiteElo "2880"]
[BlackElo "2579"]
[TimeControl "180+1"]
[EndTime "8:19:14 PST"]
[Termination "GMKrikor won by resignation"]

1. Nf3 d5 2. c4 c6 3. d4 Nf6 4. Nc3 a6 5. c5 Bf5 6. Qb3 Ra7 7.
Bf4 Nbd7 8. h3 h6 9. e3 e6 10. Be2 Be7 11. O-O O-O 12. Rac1 Ne4 13. Nxe4 Bxe4 14. Nd2 Bh7 15. Bg3 Bf6 16. f4 Qa5 17.
Rfd1 Be7 18. Bd3 Bxd3 19. Qxd3 Re8 20. a3 f6 21. e4 Nf8 22. f5 Qd8 23. Qf3 Qd7 24.
exd5 exd5 25. Re1 Raa8 26. Re3 Bd8 27. Rce1 Rxe3 28. Rxe3 Bc7 29. Bxc7 Qxc7 30. g3 Qd7 31. g4 Re8 32. Kg2 Kf7 33. Nf1 Rxe3 34. Qxe3 Qe7 35. Qxe7+ Kxe7 36. Ng3 Nd7 37. Kf3 b6 38. cxb6 Nxb6 39. b3 a5 40. a4 Nd7 41. Nh5 Kf7 42. Nf4 c5 43. Ke3 c4 44. bxc4 dxc4 45. Nd5 g6 46. Kd2 gxf5 47. gxf5 Nb8 48. Kc3 Nc6 49. Kxc4 h5 50. h4 Kg7 51. Kc5 Nd8 52. Nf4 Nb7+ 53. Kc6 Nd8+ 54. Kc5 Nb7+ 55. Kd5 Kf7 56. Nxh5 Nd8 57.
Nf4 Nb7 58. h5 Kg7 59. Ne6+ Kh6 60. Kc6 Kxh5 61. Kxb7 Kg4 62. Ng7 1-0

[Event "Early-Titled-Tuesday-Blitz-March-05-2024"]
[Site "Chess.com"]
[Date "2024.03.05"]
[Round "2"]
[White "Lady_Nika"]
[Black "BashirliSaadat"]
[Result "0-1"]
[WhiteElo "2556"]
[BlackElo "2358"]
[TimeControl "180+1"]
[EndTime "8:19:14 PST"]
[Termination "BashirliSaadat won by checkmate"]

1. b3 d5 2. Bb2 Nf6 3. d3 Bf5 4. Nd2 e6 5. g3 c6 6. Bg2 Nbd7 7. Ngf3 Be7 8. O-O O-O 9. Re1 Re8 10. e4 dxe4 11. dxe4 Bg6 12. e5 Nd5 13. a3 Nc5 14. Nf1 Qc7 15. Ne3 Rad8 16. Nxd5 Rxd5 17. Qe2 Red8 18.
Bc1 Ne4 19. Bb2 Bc5 20. Rf1 Rd2 21. Nxd2 Rxd2 22. Qe1 Rxf2 23. Rxf2 Bxf2+ 24. Qxf2 Nxf2 25. Kxf2 Qb6+ 26. Kf1 Bxc2 27. b4 Qb5+ 28. Kg1 Qe2 29. Rf1 Bd3 30. Bc1 Be4 31. Bxe4 Qxe4 32. Rd1 h6 33. Rd8+ Kh7 34. Bf4 Qb1+ 35. Kg2 Qb2+ 36. Rd2 Qxa3 37. h4 Qxb4 38. Rd7 Qe4+ 39. Kh2 c5 40. Rxf7 c4 41. Rc7 a5 42. Rc5 a4 43.
Ra5 c3 44. h5 c2 45. Ra7 Qe2+ 46. Kh3 Qb5 47. Ra8 Qb1 48. Kg4 c1=Q 49. Bxc1 Qxc1 50. Rxa4 Qg5+ 51. Kh3 Qxh5+ 52. Rh4 Qxe5 53. Rb4 Qf5+ 54.
g4 Qf3+ 55. Kh4 g5+ 56. Kh5 Qh3# 0-1

[Event "Early-Titled-Tuesday-Blitz-March-05-2024"]
[Site "Chess.com"]
[Date "2024.03.05"]
[Round "2"]
[White "KorolDimitriy75"]
[Black "Penafiel-Josselyne02"]
[Result "1-0"]
[WhiteElo "2444"]
[BlackElo "2063"]
[TimeControl "180+1"]
[EndTime "8:19:14 PST"]
[Termination "KorolDimitriy75 won by checkmate"]

1. d4 Nf6 2. c4 g6 3. Nc3 Bg7 4. e4 d6 5. Nf3 O-O 6. Be2 e5 7. dxe5 dxe5 8. Qxd8 Rxd8 9. Bg5 Na6 10.
Nxe5 Re8 11. f4 h6 12. Bh4 g5 13. fxg5 hxg5 14. Bg3 Nc5 15. O-O Ncxe4 16. Nxe4 Nxe4 17. Bh5 Nxg3 18. Bxf7+ Kh7 19. Bg6+ Kh8 20. Bxe8 Nxf1 21. Nf7+ Kg8 22. Rxf1 Be6 23. Nxg5 Rxe8 24. b3 Bd4+ 25. Kh1 Bg4 26. h3 Bh5 27. Nf3 Bxf3 28. Rxf3 Re1+ 29.
Kh2 Be5+ 30. g3 Re2+ 31. Kg1 Rxa2 32. g4 Rb2 33. Kf1 Rb1+ 34. Ke2 Rb2+ 35. Kd1 Bd6 36.
g5 Kg7 37. h4 Rh2 38. Rd3 Rxh4 39. c5 Bxc5 40. Kc2 Bd6 41. Kc3 Rg4 42. Kc2 Rxg5 43. Rf3 Rg2+ 44. Kd3 b6 45. Kc4 a5 46. Kb5 Rg5+ 47.
Kc6 Rc5+ 48. Kd7 Rb5 49. Kc6 Rc5+ 50. Kd7 Rc2 51. Ke6 Rb2 52. Re3 Kg6 53. Re1 a4 54. Rg1+ Kh5 55. bxa4 Ra2 56. Kf5 Rxa4 57. Rg8 Ra5+ 58.
Ke6 Kh6 59. Kf6 Ra4 60. Rh8# 1-0